 Dungeon Crawl Stone Soup version 0.29-a0-553-g81b289dbe5 (webtiles) character file.

Game seed: 3403701274873203060

62268 HessuHobo the Warrior (level 15, 0/104 HPs)
             Began as a Gargoyle Fighter on June 6, 2022.
             Was the Champion of Fedhas.
             Slain by an alligator (16 damage)
             ... on level 2 of the Swamp.
             The game lasted 01:04:04 (34119 turns).

HessuHobo the Warrior (Gargoyle Fighter)           Turns: 34119, Time: 01:04:05

Health: 0/104      AC: 25    Str: 27    XL:     15   Next: 5%
Magic:  0/20       EV:  5    Int:  9    God:    Fedhas [******]
Gold:   968        SH: 15    Dex:  9    Spells: 14/14 levels left

rFire   x . .      SeeInvis .   w - +0 demon whip (vamp)
rCold   + . .      Faith    .   a - +0 tower shield
rNeg    + . .      Spirit   +   x - +2 plate armour
rPois   ∞          Reflect  .   l - +0 helmet
rElec   +          Harm     .   P - +0 cloak
rCorr   .          Rampage  .   k - +0 pair of gloves
Will    +....                   b - +0 pair of boots
Stlth   ..........              u - amulet of guardian spirit
HPRegen 0.27/turn               Z - ring of flight
MPRegen 0.17/turn               L - ring of ice

@: about to teleport, corroded, flying
A: sickness immunity, AC +11, big wings, negative energy resistance 1,
electricity resistance, torment resistance 1, petrification resistance
a: Renounce Religion, Wall of Briars, Grow Ballistomycete, Overgrow, Grow Oklob


You were on level 2 of the Swamp.
You worshipped Fedhas.
Fedhas was exalted by your worship.
You visited 5 branches of the dungeon, and saw 22 of its levels.
You also visited: Ice Cave.

You collected 1667 gold pieces.
You spent 699 gold pieces at shops.

Inventory:

Hand Weapons
 w - a +0 vampiric demon whip (weapon)
 F - a +4 flail of protection
Missiles
 j - 9 atropa-tipped darts (quivered)
 s - 21 javelins
 t - 13 poisoned darts
 z - 9 curare-tipped darts
 G - a throwing net
 V - 6 silver javelins
Armour
 a - a +0 tower shield (worn)
 b - a +0 pair of boots (worn)
 k - a +0 pair of gloves (worn)
 l - a +0 helmet (worn)
 x - a +2 plate armour (worn)
 P - a +0 cloak (worn)
Jewellery
 u - an amulet of guardian spirit (around neck)
 L - a ring of ice (right hand)
 M - a ring of ice
 N - a ring of fire
 Z - a ring of flight (left hand)
Wands
 q - a wand of polymorph (6)
 y - a wand of digging (1)
 H - a wand of paralysis (9)
 I - a wand of iceblast (34)
 J - a wand of flame (30)
Scrolls
 c - a scroll of silence {unknown}
 e - 3 scrolls of poison
 f - 2 scrolls of teleportation
 g - a scroll of fear
 h - 4 scrolls of immolation
 i - 3 scrolls of fog
 m - 2 scrolls of amnesia
 p - 2 scrolls of torment
 v - 5 scrolls of magic mapping
 C - 2 scrolls of vulnerability
 K - 6 scrolls of noise
Potions
 n - 7 potions of curing
 o - 3 potions of might
 r - a potion of cancellation {unknown}
 A - 3 potions of attraction
 B - a potion of berserk rage {unknown}
 D - 2 potions of ambrosia
 E - 3 potions of haste
 Q - a potion of resistance {unknown}
 R - a potion of heal wounds
 S - 5 potions of flight
 Y - 2 potions of mutation {unknown}
Miscellaneous
 d - a phial of floods (inert)


   Skills:
 + Level 16.2 Fighting
 - Level 14.0 Maces & Flails
 - Level 10.0 Armour
 + Level 11.6 Shields
 + Level 7.2 Invocations
 - Level 8.0 Evocations


You had 14 spell levels left.
You didn't know any spells.
Your spell library contained the following spells:

 Spells                   Type           Power      Damage    Failure   Level
 Apportation              Tloc           0%         N/A       100%        1
 Beastly Appendage        Tmut           0%         N/A       100%        1
 Magic Dart               Conj           0%         1d3       100%        1
 Sandblast                Erth           0%         2d4       100%        1
 Slow                     Hex            0%         N/A       100%        1
 Blink                    Tloc           0%         N/A       100%        2
 Call Imp                 Summ           0%         N/A       100%        2
 Passwall                 Tmut/Erth      0%         N/A       100%        2
 Wereblood                Tmut           0%         N/A       100%        2
 Call Canine Familiar     Summ           0%         N/A       100%        3
 Confusing Touch          Hex            0%         N/A       100%        3
 Dazzling Flash           Conj/Hex       0%         N/A       100%        3
 Ignite Poison            Fire/Tmut/Pois 0%         N/A       100%        3
 Lesser Beckoning         Tloc           0%         N/A       100%        3
 Mephitic Cloud           Conj/Pois/Air  0%         N/A       100%        3
 Portal Projectile        Hex/Tloc       0%         N/A       100%        3
 Spider Form              Tmut/Pois      0%         N/A       100%        3
 Stone Arrow              Conj/Erth      0%         3d7       100%        3
 Vampiric Draining        Necr           0%         2d6       100%        3
 Animate Dead             Necr           0%         N/A       100%        4
 Leda's Liquefaction      Hex/Erth       0%         N/A       100%        4
 Agony                    Necr           0%         N/A       100%        5
 Alistair's Intoxication  Tmut/Pois      0%         N/A       100%        5
 Manifold Assault         Tloc           0%         N/A       100%        5
 Silence                  Hex/Air        0%         N/A       100%        5
 Yara's Violent Unravell  Hex/Tmut       0%         3d3       100%        5
 Enfeeble                 Hex            0%         N/A       100%        7
 Haunt                    Necr/Summ      0%         N/A       100%        7
 Infestation              Necr           0%         N/A       100%        8


Dungeon Overview and Level Annotations

Branches:
Dungeon (11/15)            Temple (0/1) D:4            Lair (6/6) D:9
  Swamp (2/4) Lair:2        Snake (1/4) Lair:3        Slime (0/5) Lair:6
    Orc (2/2) D:10          IceCv (visited)
    Elf: Orc:2

Altars:
Ashenzari
Dithmenos
Fedhas
Makhleb
Nemelex Xobeh
Uskayaw
Vehumet
Yredelemnul
Beogh
Jiyva

Shops:
D:5 *   D:8 *   D:9 !****   D:10 =!   Snake:1 [:![

Annotations:
D:6 exclusion: downstairs
Lair:3 3 runed translucent doors, paps's ghost, journeyman OpSu
Swamp:2 1 transporter


Innate Abilities, Weirdness & Mutations

You are immune to sickness and miasma.
Your stone body is resilient. (AC +11)
You are immune to poison.
Your large and strong wings let you fly.
You resist negative energy. (rN+)
You are resistant to electric shocks. (rElec)
You are resistant to unholy torment.
You are immune to petrification.


Message History

Okay, then.
Okay, then.
As you read the scroll of teleportation, it crumbles to dust.
You feel strangely unstable.
You block the four-headed hydra's attack. x2
The four-headed hydra bites you but does no damage.
The four-headed hydra completely misses you.
The tyrant leech bites you but does no damage.
The alligator bites you! The alligator tail-slaps you.
A briar patch grows up from the ground. x4
The bunyip howls a warning cry!
The four-headed hydra bites you.
The four-headed hydra barely misses you.
You block the four-headed hydra's attack.
The four-headed hydra bites you but does no damage.
The alligator bites you! You block the alligator's attack.
The tyrant leech bites you but does no damage.
You block the bunyip's attack. The bunyip claws you!
* * * LOW HITPOINT WARNING * * *
You block the bunyip's attack.
You hear a hideous shriek!
You hear a roar!
You fly carefully through the plants.
The alligator attacks as you move away! You block the alligator's attack. x2;
Found a potion of haste.
Found a transporter.
The four-headed hydra bites you but does no damage.
The four-headed hydra bites you!
* * * LOW HITPOINT WARNING * * *
The four-headed hydra bites you but does no damage. x2
You block the alligator's attack.
The alligator tail-slaps you but does no damage.
The tyrant leech bites you but does no damage.
The four-headed hydra bites you but does no damage.
You block the four-headed hydra's attack.
The four-headed hydra bites you but does no damage.
The four-headed hydra bites you.
* * * LOW HITPOINT WARNING * * *
The tyrant leech bites your briar patch!
The alligator bites you!!
You die...
Fedhas appreciates your contribution to the ecosystem.

#©.!....♣♣
#..≈.≈≈.≈
#..≈≈≈≈≈≈
#..≈≈≈≈≈.
#..≈≈≈≈.♣ ...
...≈≈≈≈.♣♣
♣..
...≈≈≈≈..♣♣
♣..
..≈≈≈≈D@P.♣
♣≈≈
≈≈≈≈≈≈Ptw.♣
♣♣♣♣♣≈≈
≈..≈≈≈xwP♣♣
♣♣.[♣.≈≈
...≈≈≈≈≈≈♣
♣.≈≈≈.≈≈
≈≈≈≈≈≈≈≈≈.
♣≈≈.≈>†
≈§≈≈≈≈≈≈≈.≈
♣..≈♣<≈
≈....§§...≈≈
♣♣ ♣≈≈
≈..≈...♣♣≈..♣
♣.≈≈ ...♣♣♣♣
♣♣♣♣ ♣≈.≈≈


You could see a bunyip (catching breath), an alligator, a four-headed hydra
(ally target) and 2 tyrant leeches.

Vanquished Creatures
  Frances (Swamp:1)
  A dire elephant (Lair:6)
  Snorg (Lair:3)
  6 hydras
  Fannar (Lair:2)
  A catoblepas (Lair:6)
  2 two-headed ogres
  2 alligators
  A deep troll shaman (Lair:6)
  A shock serpent (Lair:1)
  7 death yaks
  Amaemon (D:11)
  A goliath frog (Swamp:2)
  A naga ritualist (Snake:1)
  2 bog bodies
  A lindwurm (Lair:2)
  4 mana vipers
  2 ugly things (D:10)
  22 elephants
  14 black mambas
  9 cane toads
  An orange demon (D:11)
  3 torpor snails
  A kobold demonologist (D:10)
  A rime drake (Lair:5)
  9 komodo dragons
  8 polar bears
  2 slime creatures
  4 hornets
  2 tyrant leeches (Swamp:1)
  13 blink frogs
  Sigmund (D:5)
  2 shadows (D:10)
  2 vampires
  5 wyverns
  4 spriggans
  23 yaks
  A steam dragon (D:7)
  4 basilisks
  5 nagas
  A warg (Orc:1)
  6 swamp worms
  2 acid dragons
  17 water moccasins
  13 orc warriors
  A swamp drake (Swamp:1)
  3 black bears
  2 ice beasts
  An ogre (Orc:1)
  37 wolves
  3 centaurs
  2 phantoms (D:4)
  12 bullfrogs
  2 kobold brigands
  3 necrophages
  9 wights
  10 killer bees
  3 howler monkeys (D:8)
  4 electric eels
  A crimson imp (D:8)
  A gnoll shaman (D:6)
  4 jellies
  2 hounds
  6 orc priests
  13 orc wizards
  Terence (D:2)
  7 hell rats (Lair:6)
  4 iguanas
  4 gnolls (D:6)
  6 adders
  A white imp (D:5)
  2 ufetubi (D:6)
  A worm (D:3)
  3 dart slugs
  61 orcs
  3 bats
  5 endoplasms
  2 giant cockroaches
  10 goblins
  6 hobgoblins
  4 jackals
  17 kobolds
  7 quokkas
  8 ball pythons
  3 frilled lizards
  6 rats
  A spectral orc (D:10)
492 creatures vanquished.

Vanquished Creatures (collateral kills)
  A water moccasin (D:5)
  6 ballistomycete spores (Lair:6)
7 creatures vanquished.

Vanquished Creatures (others)
  An orc (D:6)
  A ballistomycete spore (Lair:6)
  A bush (Lair:6)
  62 fungi
  106 plants
171 creatures vanquished.

Grand Total: 670 creatures vanquished

Notes
Turn   | Place    | Note
-------+----------+-------------------------------------------
     0 | D:1      | HessuHobo the Gargoyle Fighter began the quest for the Orb.
     0 | D:1      | Reached XP level 1. HP: 14/14 MP: 1/1
     5 | D:1      | Found a faded altar of an unknown god.
   643 | D:1      | Prayed at the altar of an unknown god.
   643 | D:1      | Became a worshipper of Fedhas Madash
   643 | D:1      | Reached * piety under Fedhas
   785 | D:1      | Reached XP level 2. HP: 16/19 MP: 2/2
  1621 | D:2      | Reached XP level 3. HP: 24/24 MP: 3/3
  1807 | D:2      | Found a sparkling altar of Nemelex Xobeh.
  1809 | D:2      | Noticed Terence
  1814 | D:2      | Killed Terence
  1815 | D:2      | Reached skill level 4 in Fighting
  1815 | D:2      | Reached skill level 1 in Invocations
  1869 | D:2      | Reached XP level 4. HP: 29/29 MP: 3/5
  2361 | D:3      | Reached ** piety under Fedhas
  2957 | D:3      | Found a radiant altar of Vehumet.
  2957 | D:3      | Found a sparkling altar of Nemelex Xobeh.
  3136 | D:3      | Reached skill level 1 in Evocations
  3136 | D:3      | Reached XP level 5. HP: 29/34 MP: 4/6
  3234 | D:4      | Found a staircase to the Ecumenical Temple.
  3307 | D:4      | Noticed a phantom
  3339 | D:4      | Killed a phantom
  3340 | D:4      | Reached XP level 6. HP: 40/40 MP: 7/7
  3387 | D:4      | Found a blossoming altar of Fedhas.
  3442 | D:4      | Reached skill level 5 in Fighting
  4215 | D:5      | Entered Level 5 of the Dungeon
  4215 | D:5      | Noticed a water moccasin
  4222 | D:5      | Noticed an ice beast
  4222 | D:5      | Found Tisich's Tempting Trifles.
  4245 | D:4      | Killed an ice beast
  4246 | D:4      | Reached XP level 7. HP: 23/44 MP: 5/9
  5028 | D:5      | Reached skill level 5 in Maces & Flails
  5231 | D:5      | Reached skill level 6 in Fighting
  5282 | D:5      | Noticed Sigmund
  5668 | D:5      | Reached XP level 8. HP: 47/51 MP: 11/11
  6595 | D:5      | Killed Sigmund
  6596 | D:5      | Reached skill level 7 in Fighting
  7317 | D:6      | Reached *** piety under Fedhas
  7487 | D:6      | Reached XP level 9. HP: 52/59 MP: 12/12
  7931 | D:7      | Reached skill level 8 in Fighting
  7935 | D:7      | Found a shadowy altar of Dithmenos.
  8885 | D:7      | Noticed a two-headed ogre
  8899 | D:7      | Killed a two-headed ogre
  8900 | D:7      | Reached skill level 5 in Armour
  9218 | D:7      | Reached skill level 9 in Fighting
  9601 | D:7      | Found a broken altar of Ashenzari.
 10068 | D:8      | Reached XP level 10. HP: 66/66 MP: 13/13
 10769 | D:8      | Found a burning altar of Makhleb.
 10916 | D:8      | Found a hide-covered altar of Uskayaw.
 11205 | D:8      | Found Gaboasoe's Demolitions Depot.
 11440 | D:8      | Reached skill level 10 in Fighting
 11466 | D:8      | Reached **** piety under Fedhas
 11954 | D:9      | Found a staircase to the Lair.
 12120 | D:9      | Found Ypuun Mecli's General Store.
 12172 | D:9      | Bought a +0 cloak for 63 gold pieces
 12213 | D:9      | Found Yxoiguul's Assorted Antiques.
 12242 | D:9      | Bought a scroll of identify for 52 gold pieces
 12272 | D:9      | Noticed a two-headed ogre
 12291 | D:8      | Killed a two-headed ogre
 12526 | D:9      | Found Neityfy's General Store.
 12564 | D:9      | Reached XP level 11. HP: 73/73 MP: 14/14
 12567 | D:9      | Found Zatovvoir's General Store.
 12668 | D:9      | Reached skill level 11 in Fighting
 12672 | D:9      | Reached skill level 10 in Maces & Flails
 13418 | D:9      | Reached ***** piety under Fedhas
 13879 | D:9      | Found Estranow's Distillery.
 13941 | D:9      | Bought a potion of heal wounds for 80 gold pieces
 14019 | D:10     | Entered Level 10 of the Dungeon
 14109 | D:10     | Found Bodarghara's Distillery.
 14408 | D:10     | Found a basalt altar of Yredelemnul.
 15003 | D:10     | Found Coosir's Jewellery Emporium.
 15370 | D:10     | Found a staircase to the Orcish Mines.
 15560 | Lair:1   | Entered Level 1 of the Lair of Beasts
 16186 | Lair:1   | Reached skill level 12 in Fighting
 16186 | Lair:1   | Reached skill level 10 in Armour
 17256 | Lair:2   | Reached XP level 12. HP: 73/81 MP: 13/15
 17307 | Lair:2   | Noticed Fannar
 17552 | Lair:2   | Noticed Urug
 17553 | Lair:2   | Noticed Urug
 17553 | Lair:2   | Urug changed into Urug the lindwurm
 17562 | Lair:2   | Killed Urug the lindwurm
 17810 | Lair:2   | Found a staircase to the Swamp.
 17816 | Lair:2   | Reached skill level 5 in Evocations
 17845 | Lair:2   | Reached skill level 5 in Shields
 18369 | Lair:3   | Reached ****** piety under Fedhas
 18380 | Lair:3   | Noticed Snorg
 18408 | Lair:3   | Killed Snorg
 18810 | Lair:3   | Reached skill level 13 in Fighting
 18903 | Lair:3   | Noticed a four-headed hydra
 18917 | Lair:3   | Killed a four-headed hydra
 19145 | Lair:3   | Noticed a seven-headed hydra
 19169 | Lair:3   | Killed a seven-headed hydra
 19584 | Lair:3   | Found a blossoming altar of Fedhas.
 19820 | Lair:3   | Found a staircase to the Snake Pit.
 20003 | Lair:3   | Found a runed translucent gate.
 20004 | Lair:3   | Found a runed translucent gate.
 20005 | Lair:3   | Found a runed translucent gate.
 20006 | Lair:3   | Noticed paps's ghost (journeyman OpSu)
 20054 | Lair:3   | Found a viscous altar of Jiyva.
 20384 | Lair:4   | Noticed a five-headed hydra
 20393 | Lair:4   | Killed a five-headed hydra
 20447 | Lair:4   | You fall into a shaft and drop 1 floor!
 20988 | Lair:5   | Noticed a death yak
 21073 | Lair:4   | Reached XP level 13. HP: 88/88 MP: 16/16
 23062 | Lair:6   | Entered Level 6 of the Lair of Beasts
 23540 | Lair:5   | Reached skill level 14 in Fighting
 25682 | Lair:6   | Gained mutation: Your large and strong wings let you fly.
                  | [Gargoyle growth]
 25682 | Lair:6   | Reached XP level 14. HP: 87/96 MP: 17/17
 25853 | Lair:6   | Found a staircase to the Slime Pits.
 26847 | Lair:6   | Reached skill level 10 in Shields
 26990 | Lair:6   | Noticed a dire elephant
 27025 | Lair:6   | Reached skill level 15 in Fighting
 27054 | Lair:6   | Killed a dire elephant
 28718 | D:11     | Found a frozen archway.
 28735 | D:11     | Noticed Amaemon
 28758 | D:11     | Killed Amaemon
 28768 | IceCv    | Entered an ice cave
 29761 | Swamp:1  | Entered Level 1 of the Swamp
 29963 | Orc:1    | Entered Level 1 of the Orcish Mines
 30338 | Orc:2    | Entered Level 2 of the Orcish Mines
 30599 | Snake:1  | Entered Level 1 of the Snake Pit
 30613 | Snake:1  | Found Qanilug's Antique Armour Emporium.
 30614 | Snake:1  | Found Xuup's Distillery.
 30614 | Snake:1  | Found Jets's Book Emporium.
 30623 | Snake:1  | Found Xoifux's Antique Armour Shoppe.
 30637 | Snake:1  | Bought a potion of might for 48 gold pieces
 30850 | D:10     | Bought a potion of might for 48 gold pieces
 30850 | D:10     | Bought a potion of haste for 120 gold pieces
 30850 | D:10     | Bought a potion of might for 48 gold pieces
 30850 | D:10     | Bought 2 potions of haste for 240 gold pieces
 31072 | Lair:3   | Reached skill level 5 in Invocations
 32089 | Lair:2   | Killed Fannar
 32783 | Swamp:1  | Got Sif Muna's Reference Book on Intoxication and Calling
 33180 | Swamp:1  | Noticed Frances
 33218 | Swamp:1  | Killed Frances
 33219 | Swamp:1  | Reached skill level 16 in Fighting
 33501 | Swamp:1  | Reached XP level 15. HP: 99/104 MP: 18/20
 34119 | Swamp:2  | Found a transporter.
 34119 | Swamp:2  | Slain by an alligator

Illustrated notes

Levels and vault maps discovered:
D:1:      beargit_arrival_greenhouse, layout_basic,
          chequers_ecumenical_altar_simple
D:2:      layout_loops_corners, basic_altar, uniq_terence
D:3:      layout_loops_cross, gammafunk_temple_overflow_statue,
          serial_bayou_lake_a
D:4:      layout_loops_cross, lemuel_doored_altar, minmay_temple_entry_grid
D:5:      layout_basic, nicolae_alphabet_shops, uniq_sigmund
D:6:      layout_loops_ring, gup_sewer_entry_spiral
D:7:      layout_cave_pods, nicolae_overflow_hidden_temple,
          nicolae_dithmenos_the_darkroom, enter_bailey_3
D:8:      layout_gridville, mainiacjoe_overflow_catwalk, makhleb_grotto_becter,
          nicolae_blasting_shop
D:9:      layout_roguey [special_room_orc], david_lair_shrubbed, serial_shops,
          shop, shop, shop, nicolae_shop_statue_plus, shop,
          chequers_serial_rivers_small_3, item_on_display_a
D:10:     layout_loops_ring, yredelemnul_forgotten_temple_becter, david_orc_4,
          serial_shops, shop, nicolae_stop_n_shop_1
D:11:     minmay_the_grid_octo_tiled_squarecenter_mashed
          [minmay_the_grid_octo_clover, minmay_the_grid_octo_odd_swirl,
          minmay_the_grid_octo_horde, minmay_the_grid_octo_77,
          minmay_the_grid_square_5x5_megaprize_open,
          minmay_the_grid_square_5x5_bridge, minmay_the_grid_square_5x5_lines,
          minmay_the_grid_square_5x5_beaten_path,
          minmay_the_grid_square_5x5_three], layout_gridville,
          portal_ice_cave_entry_pillars_2, lemuel_blue_sif_altar, uniq_amaemon
Lair:1:   layout_long_grid, serial_bayou_shore_a, grunt_megastairs_3,
          lemuel_fruit_tree
Lair:2:   layout_regular_city, skrybe_swamp_entry_bodies, uniq_urug, uniq_fannar
Lair:3:   layout_cave_pods, minmay_snake_entry_guardpost_small,
          gammafunk_ghost_ooze, hangedman_tree_tricks,
          cheibrodos_lair_caveside_slide, serial_bayou_pond_b,
          chequers_serial_rivers_small_a, serial_bayou_crossing,
          grunt_megastairs_5, serial_bayou_shore_b, uniq_snorg
Lair:4:   layout_long_grid
Lair:5:   layout_loops_ring, lemuel_fruit_fields, lemuel_fruit_fields
Lair:6:   grunt_lair_end_beastmaster, layout_long_grid,
          minmay_slime_entry_pillars, serial_bayou_pond_b
Swamp:1:  layout_basic_swamp, hangedman_swamp_ruin_wall, uniq_frances
Swamp:2:  layout_basic_swamp, gammafunk_ghost_arena, evilmike_swamp_ruin_house_6
Snake:1:  cheibrodos_forgotten_conduit, layout_misc_corridors,
          ebering_ghost_gozag, serial_shops, nicolae_take_the_stairs,
          nicolae_shop_crystal, shop, shop, drop_trap,
          nicolae_snake_guarding_the_ruins, minmay_shoptagon
Orc:1:    layout_caves, minmay_orc_temple_b
Orc:2:    st_orc_elflike, layout_diamond_mine, basic_altar, mines2_david

Skill      XL: |  1  2  3  4  5  6  7  8  9 10 11 12 13 14 |
---------------+-------------------------------------------+-----
Fighting       | 4 5 6 7 9 10 12 13 14 16 | 16.2
Maces & Flails | 3 4 5 6 8 9 11 12 13 14 | 14.0
Invocations    | 1 2 3 4 7 |  7.2
Evocations     | 1 2 3 4 6 8 |  8.0
Armour         | 6 8 10 | 10.0
Shields        | 4 7 9 11 | 11.6

Action                   |  1- 3 |  4- 6 |  7- 9 | 10-12 | 13-15 || total
-------------------------+-------+-------+-------+-------+-------++-------
Melee: Flail             |    95 |   191 |   459 |   997 |   811 ||  2553
       Unarmed           |     3 |       |       |       |       ||     3
       Demon whip        |       |       |       |       |   510 ||   510
Throw: Dart              |       |       |     6 |       |       ||     6
Invok: Wall of Briars    |       |       |     3 |     3 |     4 ||    10
       Grow Ballistomyce |       |       |     1 |       |     5 ||     6
Evoke: Wand              |       |       |       |     4 |     5 ||     9
       Phial of floods   |       |       |       |       |     1 ||     1
  Use: Scroll            |       |     1 |     4 |     9 |    19 ||    33
       Potion            |       |       |     1 |     2 |     7 ||    10
 Stab: Distracted        |       |       |       |     1 |       ||     1
       Petrified         |       |       |       |       |     4 ||     4
       Confused          |       |       |       |       |     3 ||     3
       Paralysed         |       |       |       |       |     1 ||     1
Armor: Scale mail        |    55 |    38 |       |       |       ||    93
       Plate armour      |       |   121 |   415 |   873 |  1158 ||  2567
Dodge: Dodged            |    42 |    64 |   135 |   350 |   264 ||   855
Block: Buckler           |    21 |    37 |   103 |   234 |    31 ||   426
       Tower shield      |       |       |       |       |   992 ||   992

Table legend: (Time is in decaauts)
 A = Elapsed time spent in this place.
 B = Non-inter-level travel time spent in this place.
 C = Inter-level travel time spent in this place.
 D = Time resting spent in this place.
 E = Time spent auto-exploring this place.
 F = Levels seen in this place.
 G = Mean time per level.
                   A        B        C        D        E       F      G
               +--------+--------+--------+--------+--------+-----+--------+
         Total |  34281 |  32111 |   2170 |  14472 |  10768 |  23 | 1490.5 |
       Dungeon |  17504 |  16555 |    949 |   6838 |   6241 |  11 | 1591.3 |
          Lair |  15026 |  13818 |   1208 |   7212 |   4001 |   6 | 2504.3 |
         Swamp |   1006 |   1006 |      0 |    310 |    319 |   2 |  503.0 |
     Snake Pit |    255 |    253 |      2 |     67 |     16 |   1 |  255.0 |
  Orcish Mines |    385 |    376 |      9 |      8 |    191 |   2 |  192.5 |
      Ice Cave |    104 |    104 |      0 |     37 |      0 |   1 |  104.0 |
               +--------+--------+--------+--------+--------+-----+--------+

Top non-repeatable levels by time:
  Lair:6: 3174 daAuts
  Lair:3: 3103 daAuts
  Lair:5: 3010 daAuts
  Lair:2: 2294 daAuts
    D:10: 2142 daAuts
     D:9: 2079 daAuts
     D:7: 2054 daAuts
     D:8: 2049 daAuts
     D:6: 1911 daAuts
  Lair:1: 1816 daAuts
     D:4: 1681 daAuts
  Lair:4: 1627 daAuts
     D:5: 1559 daAuts
     D:1: 1245 daAuts
     D:2: 1136 daAuts
